 Dungeon Crawl Stone Soup version 0.31-a0-1589-g8f5e8aebd6 (webtiles) character file.

Game seed: 14418430504617812469

66 Dirian the Changeling (level 4, -5/30 (32) HPs)
             Began as a Merfolk Shapeshifter on Jan 6, 2024.
             Slain by Crazy Yiuf
             ... wielding a +3 quarterstaff of chaos
              (11 damage)
             ... on level 2 of the Dungeon.
             The game lasted 00:02:00 (1641 turns).

Dirian the Changeling (Merfolk Shapeshifter)        Turns: 1641, Time: 00:02:01

HP:   -5/30 (32)    AC:  2    Str: 16    XL:     4   Next: 15%
MP:   4/4           EV: 11    Int:  9    God:
Gold: 108           SH:  7    Dex: 13    Spells: 3/3 levels left

rFire   . .          .
                       - Unarmed
rCold   . . .        m - +0 kite shield
rNeg    . . .        a - +0 animal skin
rPois   .            (helmet currently unavailable)
rElec   .            (cloak currently unavailable)
rCorr   .            (gloves currently unavailable)
SInv    +            (boots currently unavailable)
Will    .....        (no amulet)
Stlth   +            g - ring of see invisible
HPRegen 0.25/turn    (no ring)
MPRegen 0.09/turn

%: no passive effects
@: beast-form, drained
A: beast (slay +2), (nimble swimmer 2), mertail
a: Begin Untransformation


You were on level 2 of the Dungeon.
You were a hulking beast.
You visited 1 branch of the dungeon, and saw 2 of its levels.

You collected 108 gold pieces.

Inventory:

Missiles
 l - 5 javelins
Armour
 a - a +0 animal skin (worn)
 m - a +0 kite shield (worn)
Jewellery
 g - a ring of see invisible (left hand)
Talismans
 c - a beast talisman
 d - a flux talisman
Scrolls
 h - a scroll of teleportation {unknown}
 i - a scroll of torment {unknown}
 j - a scroll of vulnerability {unknown}
 k - a scroll of enchant armour {unknown}
 p - 2 scrolls of identify {unknown}
 q - a scroll of immolation {unknown}
 r - a scroll of fog {unknown}
 s - a scroll of noise {unknown}
Potions
 b - a potion of lignification
 e - a potion of might {unknown}
 f - a potion of enlightenment {unknown}
 n - a potion of brilliance {unknown}
 o - a potion of berserk rage {unknown}
 t - a potion of cancellation {unknown}


   Skills:
 + Level 1.3 Fighting
 + Level 3.2 Dodging
 + Level 0.2 Shields
 + Level 4.3 Unarmed Combat
 * Level 4.8 Shapeshifting


You had 3 spell levels left.
You didn't know any spells.
Your spell library was empty.

Dungeon Overview and Level Annotations

Branches:
Dungeon (2/15) Zot: 10343

Altars:

Annotations:
D:2 Crazy Yiuf


Innate Abilities, Weirdness & Mutations

You are a hulking beast.
Your limbs bulge with bestial killing power. (Slay +2)
((You are very nimble when in or above water. (Stealth+, EV+, Speed+++)))
Your lower body shifts to a powerful aquatic tail in water.


Message History

The fungus is lightly damaged.
A nearby fungus withers and dies.
Found a hammer.
Found a runed translucent door.
Crazy Yiuf shouts!
Press: ? - help, v - describe, . - travel
Here: Crazy Yiuf, wielding a +3 quarterstaff of chaos and wearing a +0 cloak (fire blocked by a runed translucent door)
The floor.
Unknown command.
You open the door. You barely miss Crazy Yiuf.
Crazy Yiuf laughs, "Blight!
Pitchfork King noodlescoop."
Crazy Yiuf closely misses you.
Crazy Yiuf laughs, "Hah spinner rumpyflump!"
Crazy Yiuf barely misses you.
You hit Crazy Yiuf.
Crazy Yiuf is lightly wounded.
You block Crazy Yiuf's attack.
You hit Crazy Yiuf.
Crazy Yiuf is moderately wounded.
Crazy Yiuf barely misses you.
You hit Crazy Yiuf but do no damage.
Crazy Yiuf is moderately wounded.
Crazy Yiuf hits you with a +3 quarterstaff of chaos!
You hit Crazy Yiuf.
Crazy Yiuf is moderately wounded.
Crazy Yiuf hits you with a +3 quarterstaff of chaos!
* * * LOW HITPOINT WARNING * * *
You feel drained.
* * * LOW HITPOINT WARNING * * *
You punch Crazy Yiuf!
Crazy Yiuf is almost dead.
Crazy Yiuf grits, "Fire!"
Crazy Yiuf barely misses you.
You hit Crazy Yiuf but do no damage.
Crazy Yiuf is almost dead.
Crazy Yiuf closely misses you.
You hit Crazy Yiuf but do no damage.
Crazy Yiuf is almost dead.
Crazy Yiuf hits you with a +3 quarterstaff of chaos!
You die...

#...#............#
###...##.##........#
...[...............#
.##...#.############
.##...#.#
.##.....##♣♣♣♣♣
.#......)#P.♣.♣♣♣ ###
.#.....)).♣P.♣..♣#...#
.#......)...♣♣♣♣hg...#
.#..###))#P♣♣ ♣♣#..)#
.#..######♣♣ ###
.#..#...# ...##...#
...##...######
.............#
..############ ..#


You could see Crazy Yiuf.

Vanquished Creatures
  3 adders (D:2)
  A ball python (D:2)
  2 bats (D:2)
  5 endoplasms
  3 giant cockroaches
  5 goblins
  2 hobgoblins (D:2)
  2 kobolds (D:1)
  4 quokkas
  2 frilled lizards
  8 rats
37 creatures vanquished.

Notes
Turn   | Place    | Note
-------+----------+-------------------------------------------
     0 | D:1      | Dirian the Merfolk Shapeshifter began the quest for the
                  | Orb.
     0 | D:1      | Reached XP level 1. HP: 15/15 MP: 1/1
   200 | D:1      | Reached XP level 2. HP: 21/21 MP: 2/2
   757 | D:2      | Reached XP level 3. HP: 22/26 MP: 3/3
  1056 | D:2      | Reached XP level 4. HP: 25/32 MP: 4/4
  1629 | D:2      | Found a runed translucent door.
  1630 | D:2      | Noticed Crazy Yiuf
  1641 | D:2      | Slain by Crazy Yiuf

Illustrated notes

Levels and vault maps discovered:
D:1:      dpeg_arrival_ratfight, layout_basic, grunt_decor_one_mirror,
          hangedman_decor_clover_reticule
D:2:      layout_basic, kennysheep_generic_room_13, uniq_crazy_yiuf_cottage

Skill      XL: |  1  2  3 |
---------------+----------+-----
Dodging        | 3 |  3.2
Unarmed Combat | 4 |  4.3
Fighting       | |  1.3
Shields        | |  0.2
Shapeshifting  | |  4.8

Action                     |  1- 3 |  4- 6 || total
---------------------------+-------+-------++-------
  Melee: Unarmed           |    92 |   113 ||   205
   Stab: Sleeping          |     4 |     1 ||     5
 Armour: Animal skin       |    40 |     7 ||    47
  Dodge: Dodged            |    52 |    11 ||    63
  Block: Kite shield       |    33 |     6 ||    39

Table legend: (Time is in decaauts)
 A = Elapsed time spent in this place.
 B = Non-inter-level travel time spent in this place.
 C = Inter-level travel time spent in this place.
 D = Time resting spent in this place.
 E = Time spent auto-exploring this place.
 F = Levels seen in this place.
 G = Mean time per level.
                   A        B        C        D        E       F      G
               +--------+--------+--------+--------+--------+-----+--------+
         Total |   1655 |   1594 |     61 |      0 |   1218 |   2 |  827.5 |
       Dungeon |   1655 |   1594 |     61 |      0 |   1218 |   2 |  827.5 |
               +--------+--------+--------+--------+--------+-----+--------+

Top non-repeatable levels by time:
     D:2: 979 daAuts
     D:1: 675 daAuts
